 Dungeon Crawl Stone Soup version 0.23.2-40-g277498a001 (webtiles) character file.

Game seed: 16006325469598277573

53 FishyPogo the Skirmisher (level 3, 0/30 HPs)
             Began as a Merfolk Abyssal Knight on Sept 13, 2019.
             Was a Follower of Lugonu.
             Slain by an adder (4 damage)
             ... on level 2 of the Dungeon.
             The game lasted 00:09:11 (1925 turns).

FishyPogo the Skirmisher (Merfolk Abyssal Knight)   Turns: 1925, Time: 00:09:12

Health: 0/30       AC:  4    Str: 15    XL:     3   Next: 89%
Magic:  4/4        EV: 13    Int: 11    God:    Lugonu [*.....]
Gold:   34         SH:  0    Dex: 13    Spells: 2/2 levels left

rFire    . . .     SeeInvis .   l - -3 short sword (curse)
rCold    + . .     Gourm    .   (no shield)
rNeg     . . .     Faith    .   a - +1 leather armour
rPois    .         Spirit   .   (no helmet)
rElec    .         Reflect  .   (no cloak)
rCorr    .         Harm     .   (no gloves)
MR       +....                  (no boots)
Stlth    +.........             (no amulet)
HPRegen  0.10/turn              (no ring)
MPRegen  0.09/turn              (no ring)

@: lethally poisoned (0 -> -16)
A: change form in water, swift swim, stealthy swim, cold resistance 1, magic
resistance 1, strong 1, evolution 1
a: Depart the Abyss, Renounce Religion


You were on level 2 of the Dungeon.
You worshipped Lugonu.
Lugonu was aware of your devotion.
You were hungry.

You visited 1 branch of the dungeon, and saw 2 of its levels.
You visited the Abyss 1 time.

You collected 34 gold pieces.

Inventory:

Hand Weapons
 h - a +0 short sword
 l - a cursed -3 short sword (weapon)
Missiles
 e - 23 stones (quivered)
Armour
 a - a +1 leather armour (worn)
Scrolls
 d - a scroll of fog
Comestibles
 b - a ration
 c - 2 chunks of flesh


   Skills:
 * Level 3.9 Fighting
 * Level 0.2 Throwing
 + Level 1.1 Armour
 * Level 3.9 Dodging
 - Level 2.1 Unarmed Combat
 + Level 2.4 Invocations


You had 2 spell levels left.
You didn't know any spells.
Your spell library was empty.

Dungeon Overview and Level Annotations

Branches:
Dungeon (2/15)

Altars:


Innate Abilities, Weirdness & Mutations

You revert to your normal form in water You are very nimble and swift while swimming.
You are very stealthy in the water. (Stealth+)
Your flesh is cold resistant. (rC+)
You are resistant to hostile enchantments. (MR+)
Your muscles are strong. (Str +2)
You evolve.


Message History

You closely miss the adder.
The adder is lightly wounded.
You feel sick. The adder barely misses you. The adder bites you.
You are lethally poisoned!
The adder poisons you!
You miss the adder.
The adder is lightly wounded.
You feel sick. The adder bites you.
* * * LOW HITPOINT WARNING * * *
You are more poisoned.
The adder poisons you!
You barely miss the adder.
The adder is lightly wounded.
* * * LOW HITPOINT WARNING * * *
You feel sick. The adder barely misses you.
You closely miss the adder.
The adder is lightly wounded.
* * * LOW HITPOINT WARNING * * *
You feel sick. The adder closely misses you. The adder bites you.
You die...

#......#
#.###### #.....#
#####.#
#######+### #.#
..........###.#
........รท.'...#
..........#####
......S@..#
.....(....#
..(.....###
...(....#
..$.....#
........#
........#
...$....#


You could see an adder.

Vanquished Creatures
  An adder (D:1)
  A dart slug (D:1)
  4 leopard geckos
  6 bats
  2 giant cockroaches (D:1)
  5 goblins
  6 hobgoblins
  7 kobolds (D:1)
  2 frilled lizards
  3 rats (D:1)
37 creatures vanquished.

Notes
Turn   | Place    | Note
-------+----------+-------------------------------------------
     0 | Abyss:1  | FishyPogo the Merfolk Abyssal Knight began the quest for
                  | the Orb.
     0 | Abyss:1  | Reached XP level 1. HP: 18/18 MP: 2/2
    18 | Abyss:1  | Found a corrupted altar of Lugonu.
   128 | Abyss:1  | Noticed a small abomination
   142 | Abyss:1  | Noticed a rakshasa
   143 | Abyss:1  | Noticed an orange demon
   144 | D:1      | Escaped the Abyss
   265 | D:1      | Reached XP level 2. HP: 11/24 MP: 3/3
   509 | D:1      | Reached * piety under Lugonu
   749 | D:1      | Reached skill level 1 in Armour
   952 | D:1      | Reached XP level 3. HP: 30/30 MP: 4/4
  1746 | D:1      | Gained mutation: Your flesh is cold resistant. (rC+)
                  | [potion of mutation]
  1746 | D:1      | Gained mutation: You are resistant to hostile enchantments.
                  | (MR+) [potion of mutation]
  1746 | D:1      | Gained mutation: Your muscles are strong. (Str +2) [potion
                  | of mutation]
  1746 | D:1      | Gained mutation: You evolve. [potion of mutation]
  1925 | D:2      | Slain by an adder

Skill      XL: |  1  2 |
---------------+-------+-----
Dodging        | 3 |  3.9
Armour         | 1 |  1.1
Fighting       | |  3.9
Throwing       | |  0.2
Unarmed Combat | |  2.1
Invocations    | |  2.4

Action                   || total
-------------------------++-------
Melee: Unarmed           ||    99
       Short sword       ||   135
       Punch             ||     2
Throw: Stone             ||    19
Invok: Depart the Abyss  ||     1
  Use: Scroll            ||     3
       Potion            ||     3
 Stab: Sleeping          ||     1
  Eat: Chunk             ||     3
Armor: Leather armour    ||    65
Dodge: Dodged            ||   208
